 Dungeon Crawl Stone Soup version 0.21.1-1-g345015f (webtiles) character file.

541 tidbits the Grave Robber (level 7, -5/51 HPs)
             Began as a Gnoll Necromancer on June 15, 2018.
             Shot with an arrow by a centaur (9 damage)
             ... on level 6 of the Dungeon.
             The game lasted 00:11:06 (919 turns).

tidbits the Grave Robber (Gnoll Necromancer)         Turns: 919, Time: 00:11:06

Health: -5/51      AC:  4    Str: 11    XL:     7   Next: 26%
Magic:  10/15      EV: 15    Int: 19    God:
Gold:   59         SH:  0    Dex: 15    Spells: 4/17 levels left

rFire    + . .     SeeInvis .   a - +0 dagger
rCold    . . .     Gourm    .   (no shield)
rNeg     . . .     Faith    .   B - +2 robe {rF+}
rPois    .         Spirit   .   (no helmet)
rElec    .         Reflect  .   (no cloak)
rCorr    .         Harm     .   (no gloves)
MR       .....                  (no boots)
Stlth    +++.......             (no amulet)
HPRegen  0.17/turn              (no ring)
MPRegen  0.14/turn              (no ring)

@: no status effects
A: distributed training, fangs 1, strong nose
a: no special abilities


You were on level 6 of the Dungeon.
You were not hungry.

You visited 1 branch of the dungeon, and saw 6 of its levels.

You collected 59 gold pieces.

Inventory:

Hand Weapons
 a - a +0 dagger (weapon)
 b - a +0 short sword
 e - a +0 whip
 w - a +0 scythe
 C - a +0 trident
 E - a +0 shortbow
Missiles
 f - 23 stones (quivered)
 g - a throwing net {!f}
 n - 15 sling bullets
 q - 35 arrows
Armour
 d - a +0 ring mail
 j - a +0 robe
 v - a +0 buckler
 y - a +0 shield
 B - a +2 robe of fire resistance (worn)
   (You found it on level 2 of the Dungeon)
 F - a cursed +0 leather armour
Wands
 z - a wand of disintegration (9)
Scrolls
 h - 2 scrolls of teleportation
 i - 3 scrolls of enchant armour {unknown}
 k - 4 scrolls of remove curse
 m - a scroll of immolation {unknown}
 o - a scroll of random uselessness {unknown}
 s - a scroll of amnesia {unknown}
 u - 3 scrolls of magic mapping
 A - a scroll of blinking {unknown}
 H - 2 scrolls of identify {unknown}
Potions
 p - 2 potions of might {unknown}
 r - 2 potions of curing {unknown}
 t - a potion of brilliance {unknown}
 x - 2 potions of heal wounds {unknown}
 D - a potion of invisibility {unknown}
Books
 l - a book of Necromancy

   Spells                             Type                      Level
   a - Pain                           Necromancy                   1
   b - Animate Skeleton               Necromancy                   1
   c - Vampiric Draining              Necromancy                   3
   d - Regeneration                   Charms/Necromancy            3
   e - Animate Dead                   Necromancy                   4
   f - Borgnjor's Vile Clutch         Necromancy/Earth             5
 G - a book of Conjurations
   (You found it on level 6 of the Dungeon)

   Spells                             Type                      Level
   a - Magic Dart                     Conjuration                  1
   b - Searing Ray                    Conjuration                  2
   c - Dazzling Spray                 Conjuration/Hexes            3
   d - Fulminant Prism                Conjuration/Hexes            4
   e - Force Lance                    Conjuration/Translocation    4
   f - Iskenderun's Mystic Blast      Conjuration                  4
Comestibles
 c - 11 rations


   Skills:
 + Level 2.3 Fighting
 + Level 2.3 Short Blades
 + Level 2.3 Long Blades
 + Level 2.3 Axes
 + Level 2.3 Maces & Flails
 + Level 2.3 Polearms
 + Level 2.3 Staves
 + Level 2.3 Slings
 + Level 2.3 Bows
 + Level 2.3 Crossbows
 + Level 2.3 Throwing
 + Level 2.3 Armour
 + Level 5.1 Dodging
 + Level 4.8 Stealth
 + Level 2.3 Shields
 + Level 2.3 Unarmed Combat
 + Level 5.5 Spellcasting
 + Level 1.9 Conjurations
 + Level 1.9 Hexes
 + Level 1.9 Charms
 + Level 1.9 Summonings
 + Level 7.4 Necromancy
 + Level 1.9 Translocations
 + Level 1.9 Transmutations
 + Level 1.9 Fire Magic
 + Level 1.9 Ice Magic
 + Level 1.9 Air Magic
 + Level 1.9 Earth Magic
 + Level 1.9 Poison Magic
 + Level 2.5 Invocations
 + Level 2.3 Evocations


You had 4 spell levels left.
You knew the following spells:

 Your Spells              Type           Power        Failure   Level  Hunger
a - Pain                  Necr           ####         1%          1    None
d - Vampiric Draining     Necr           ####......   1%          3    ##.....
n - Animate Skeleton      Necr           N/A          1%          1    None
r - Regeneration          Chrm/Necr      ###.......   5%          3    ##.....
v - Borgnjor's Vile Clut  Necr/Erth      ###.......   43%         5    #####..


Dungeon Overview and Level Annotations

Branches:
Dungeon (6/15)
 Temple: D:4-7

Altars:
Ashenzari
Nemelex Xobeh

Shops:
D:4 (

Annotations:
D:3 goulibeur's ghost, amateur DsAK
D:5 Edmund


Innate Abilities, Weirdness & Mutations

Your experience applies equally to all skills.
You have very sharp teeth.
Your uncanny sense of smell can sniff out nearby items.


Message History

Aim: a hound (lightly wounded, chance to defeat MR: 89%)
The hound writhes in agony!
The hound bites you but does no damage.
Casting: Pain
Confirm with . or Enter, or press ? or * to list all spells.
Aiming: Pain
Press: ? - help, Shift-Dir - straight line, f/p - hound
Aim: a hound (moderately wounded, chance to defeat MR: 89%)
The hound writhes in agony!
The hound barely misses you. The hound misses you.
The crimson imp blinks!
Casting: Pain
Confirm with . or Enter, or press ? or * to list all spells.
Aiming: Pain
Press: ? - help, Shift-Dir - straight line, f/p - hound
Aim: a hound (moderately wounded, chance to defeat MR: 89%)
The hound writhes in agony!
The hound bites you but does no damage.
Casting: Pain
Confirm with . or Enter, or press ? or * to list all spells.
Okay, then.
Casting: Pain
Confirm with . or Enter, or press ? or * to list all spells.
Aiming: Pain
Press: ? - help, Shift-Dir - straight line, f/p - hound
Aim: a hound (almost dead, chance to defeat MR: 89%)
The hound writhes in agony!
You kill the hound!
A leopard gecko comes into view.
The leopard gecko hisses angrily.
The leopard gecko barely misses you.
The leopard gecko completely misses you.
You slash the leopard gecko!
You kill the leopard gecko!
A bullfrog comes into view.
Wield which item (- for none, * to show all)? (? for menu, Esc to quit)
a - a +0 dagger (weapon)
The helpless bullfrog fails to defend itself.
You impale the bullfrog!!
The bullfrog is almost dead.
The bullfrog closely misses you.
You barely miss the bullfrog. Your bite misses the bullfrog.
The bullfrog is almost dead.
The bullfrog hits you. The bullfrog completely misses you.
Casting: Pain
Confirm with . or Enter, or press ? or * to list all spells.
Aiming: Pain
Press: ? - help, Shift-Dir - straight line, f - bullfrog
Aim: a bullfrog (almost dead, chance to defeat MR: 84%)
The bullfrog writhes in agony!
You kill the bullfrog!
You see here a bullfrog corpse.
Found a scroll labeled SAURAH NUSMIA.
Found 14 stones.
A centaur comes into view.
Found a quarterstaff.
A phantom comes into view.
The centaur shouts!
Casting: Pain
Confirm with . or Enter, or press ? or * to list all spells.
Aiming: Pain
Press: ? - help, Shift-Dir - straight line, f - centaur
Aim: a centaur (chance to defeat MR: 84%)
The centaur writhes in agony!
The centaur wields a shortbow.
The centaur shoots an arrow.
The arrow hits you but does no damage.
Casting: Pain
Confirm with . or Enter, or press ? or * to list all spells.
Aiming: Pain
Press: ? - help, Shift-Dir - straight line, f/p - centaur
Aim: a centaur, wielding a shortbow (moderately wounded, chance to defeat MR: 84%)
The centaur writhes in agony!
The centaur shoots an arrow.
The arrow hits you!
* * * LOW HITPOINT WARNING * * *
The centaur shoots an arrow.
The arrow hits you!
* * * LOW HITPOINT WARNING * * *
Casting: Pain
Confirm with . or Enter, or press ? or * to list all spells.
Aiming: Pain
Press: ? - help, Shift-Dir - straight line, f/p - centaur
Aim: a centaur, wielding a shortbow (heavily wounded, chance to defeat MR: 84%)
The centaur writhes in agony!
The centaur shoots an arrow.
The arrow hits you.
* * * LOW HITPOINT WARNING * * *
Casting: Pain
Confirm with . or Enter, or press ? or * to list all spells.
You can't see any susceptible monsters within range! (Use Z to cast anyway.) Unknown command.
The phantom blinks!
The centaur shoots an arrow.
The arrow barely misses you.
The centaur shoots an arrow.
The arrow hits you.
* * * LOW HITPOINT WARNING * * *
You see here 2 arrows.
Casting: Pain
Confirm with . or Enter, or press ? or * to list all spells.
Aiming: Pain
Press: ? - help, Shift-Dir - straight line, f/p - centaur
Aim: a centaur, wielding a shortbow (severely wounded, chance to defeat MR: 84%)
The centaur barely resists.
Casting: Pain
Confirm with . or Enter, or press ? or * to list all spells.
Aiming: Pain
Press: ? - help, Shift-Dir - straight line, f/p - centaur
Aim: a centaur, wielding a shortbow (severely wounded, chance to defeat MR: 84%)
The centaur barely resists.
The centaur shoots an arrow.
The arrow barely misses you.
The centaur shoots an arrow.
The arrow hits you!
You die...

*****,*** #....,**,* *,
*,,,,,∆,* #....,**,* *,
*,***∆*,******...#,**,******,
*,* *,,,,,,,,,..(#,,,,,,,,,,,
*,* ***,******#§c#***,*******
*,*****,* #..# *,* *,,,,,,,*
#(.####.#
******#########.......#
#(....@.c..######
#.#######..# *,*
#..########## *,*****
#..##....†..# *,,,,,*
#..##.#####.# *,,**,*##...#.#
#.# *,,*,,,#......# #.#
*,,,..........# #.#
**,*...###.#### #.#


You could see a centaur.

Vanquished Creatures
  Sigmund (D:3)
  A centaur (D:6)
  A bullfrog (D:6)
  An orc priest (D:4)
  A hound (D:6)
  A jelly (D:6)
  A bullfrog skeleton (D:6)
  An orc wizard (D:4)
  An iguana (D:4)
  5 adders
  3 dart slugs (D:1)
  2 leopard geckos
  2 orcs
  3 giant cockroaches
  5 goblins
  4 jackals
  2 kobolds (D:1)
  2 quokka skeletons (D:4)
  A rat (D:3)
38 creatures vanquished.

Notes
Turn   | Place    | Note
-------+----------+-------------------------------------------
     0 | D:1      | tidbits the Gnoll Necromancer began the quest for the Orb.
     0 | D:1      | Reached XP level 1. HP: 13/13 MP: 6/6
    85 | D:1      | Reached XP level 2. HP: 13/19 MP: 5/7
    96 | D:1      | Learned a level 1 spell: Animate Skeleton
   242 | D:3      | Reached skill level 5 in Spellcasting
   242 | D:3      | Reached XP level 3. HP: 17/25 MP: 4/9
   391 | D:3      | Noticed Sigmund
   402 | D:3      | Killed Sigmund
   402 | D:3      | Reached skill level 1 in Fighting
   402 | D:3      | Reached skill level 1 in Short Blades
   402 | D:3      | Reached skill level 1 in Long Blades
   402 | D:3      | Reached skill level 1 in Axes
   402 | D:3      | Reached skill level 1 in Maces & Flails
   402 | D:3      | Reached skill level 1 in Polearms
   402 | D:3      | Reached skill level 1 in Staves
   402 | D:3      | Reached skill level 1 in Slings
   402 | D:3      | Reached skill level 1 in Bows
   402 | D:3      | Reached skill level 1 in Crossbows
   402 | D:3      | Reached skill level 1 in Throwing
   402 | D:3      | Reached skill level 1 in Armour
   402 | D:3      | Reached skill level 1 in Shields
   402 | D:3      | Reached skill level 1 in Unarmed Combat
   402 | D:3      | Reached skill level 1 in Conjurations
   402 | D:3      | Reached skill level 1 in Hexes
   402 | D:3      | Reached skill level 1 in Charms
   402 | D:3      | Reached skill level 1 in Summonings
   402 | D:3      | Reached skill level 1 in Translocations
   402 | D:3      | Reached skill level 1 in Transmutations
   402 | D:3      | Reached skill level 1 in Fire Magic
   402 | D:3      | Reached skill level 1 in Ice Magic
   402 | D:3      | Reached skill level 1 in Air Magic
   402 | D:3      | Reached skill level 1 in Earth Magic
   402 | D:3      | Reached skill level 1 in Poison Magic
   402 | D:3      | Reached skill level 1 in Invocations
   402 | D:3      | Reached skill level 1 in Evocations
   402 | D:3      | Reached XP level 4. HP: 11/32 MP: 7/11
   402 | D:3      | Reached XP level 5. HP: 13/37 MP: 7/12
   406 | D:3      | Noticed goulibeur's ghost (amateur DsAK)
   416 | D:3      | Found a faded altar of an unknown god.
   498 | D:4      | Learned a level 3 spell: Regeneration
   503 | D:4      | Learned a level 3 spell: Vampiric Draining
   509 | D:4      | Learned a level 5 spell: Borgnjor's Vile Clutch
   538 | D:4      | Found Meeneset's Weapon Shop.
   560 | D:5      | Entered Level 5 of the Dungeon
   586 | D:4      | Reached skill level 2 in Invocations
   586 | D:4      | Reached XP level 6. HP: 35/44 MP: 2/13
   646 | D:5      | Noticed a phantom
   647 | D:5      | Found a shattered altar of Ashenzari.
   742 | D:6      | Reached skill level 5 in Dodging
   747 | D:6      | Reached skill level 2 in Fighting
   747 | D:6      | Reached skill level 2 in Short Blades
   747 | D:6      | Reached skill level 2 in Long Blades
   747 | D:6      | Reached skill level 2 in Axes
   747 | D:6      | Reached skill level 2 in Maces & Flails
   747 | D:6      | Reached skill level 2 in Polearms
   747 | D:6      | Reached skill level 2 in Staves
   747 | D:6      | Reached skill level 2 in Slings
   747 | D:6      | Reached skill level 2 in Bows
   747 | D:6      | Reached skill level 2 in Crossbows
   747 | D:6      | Reached skill level 2 in Throwing
   747 | D:6      | Reached skill level 2 in Armour
   747 | D:6      | Reached skill level 2 in Shields
   747 | D:6      | Reached skill level 2 in Unarmed Combat
   747 | D:6      | Reached skill level 2 in Evocations
   780 | D:6      | Reached XP level 7. HP: 50/50 MP: 11/15
   806 | D:6      | Found a sparkling altar of Nemelex Xobeh.
   864 | D:5      | Noticed Edmund
   919 | D:6      | Shot with an arrow by a centaur

Skill      XL: |  1  2  3  4  5  6 |
---------------+-------------------+-----
Spellcasting   | 5 |  5.5
Fighting       | 1 2 |  2.3
Short Blades   | 1 2 |  2.3
Long Blades    | 1 2 |  2.3
Axes           | 1 2 |  2.3
Maces & Flails | 1 2 |  2.3
Polearms       | 1 2 |  2.3
Staves         | 1 2 |  2.3
Slings         | 1 2 |  2.3
Bows           | 1 2 |  2.3
Crossbows      | 1 2 |  2.3
Throwing       | 1 2 |  2.3
Armour         | 1 2 |  2.3
Shields        | 1 2 |  2.3
Unarmed Combat | 1 2 |  2.3
Conjurations   | 1 |  1.9
Hexes          | 1 |  1.9
Charms         | 1 |  1.9
Summonings     | 1 |  1.9
Translocations | 1 |  1.9
Transmutations | 1 |  1.9
Fire Magic     | 1 |  1.9
Ice Magic      | 1 |  1.9
Air Magic      | 1 |  1.9
Earth Magic    | 1 |  1.9
Poison Magic   | 1 |  1.9
Invocations    | 1 2 |  2.5
Evocations     | 1 2 |  2.3
Dodging        | 5 |  5.1
Stealth        | |  4.8
Necromancy     | |  7.4

Action                   |  1- 3 |  4- 6 |  7- 9 || total
-------------------------+-------+-------+-------++-------
Melee: Dagger            |     3 |     6 |     2 ||    11
       Short sword       |     5 |       |       ||     5
       Bite              |     1 |       |     2 ||     3
       Scythe            |       |     2 |     5 ||     7
 Cast: Pain              |    18 |    21 |    21 ||    60
       Animate Skeleton  |     2 |       |       ||     2
       Regeneration      |       |     1 |       ||     1
       Vampiric Draining |       |     2 |       ||     2
Evoke: Wand              |       |     4 |       ||     4
  Use: Scroll            |       |     4 |       ||     4
 Stab: Sleeping          |     3 |     5 |     1 ||     9
Armor: Robe              |     2 |       |     3 ||     5
Dodge: Dodged            |     6 |    17 |    32 ||    55

Table legend:
 A = Turns spent in this place as a percentage of turns spent in the entire game.
 B = Non-inter-level travel turns spent in this place as a percentage of non-inter-level travel turns spent in the entire game.
 C = Inter-level travel turns spent in this place as a percentage of turns spent in this place.
 D = Turns resting spent in this place as a percentage of non-inter-level travel turns spent in this place.
 E = Turns spent auto-exploring this place as a percentage of non-inter-level travel turns spent in this place.
 F = Non-inter-level travel turns spent in this place divided by the number of levels of this place that you've seen.
                   A       B       C       D       E      F
               +-------+-------+-------+-------+-------+----------------------
         Total | 100.0 | 100.0 |   0.0 |   0.0 |   0.0 | 153.2
       Dungeon | 100.0 | 100.0 |   0.0 |   0.0 |   0.0 | 153.2
               +-------+-------+-------+-------+-------+----------------------

Table legend:
 A = Kills in this place as a percentage of kills in entire the game.
 B = Kills by you in this place as a percentage of kills by you in the entire game.
 C = Kills by friends in this place as a percentage of kills by friends in the entire game.
 D = Other kills in this place as a percentage of other kills in the entire game.
 E = Experience gained in this place as a percentage of experience gained in the entire game.
 F = Experience gained in this place divided by the number of levels of this place that you have seen.
                   A       B       C       D       E      F
               +-------+-------+-------+-------+-------+----------------------
         Total | 100.0 | 100.0 |   N/A |   N/A | 100.0 | 129.0
       Dungeon | 100.0 | 100.0 |   N/A |   N/A | 100.0 | 129.0
               +-------+-------+-------+-------+-------+----------------------

Vault maps used:
D:1:      kennysheep_arrival_forest
D:2:      uniq_natasha, uniq_terence
D:3:      nicolae_qazlal_style_of_elements,
          chequers_ecumenical_altar_simple_redux, uniq_sigmund
D:4:      marbit_many_paths, serial_shops, shop, first_ration
D:5:      serial_shops, kennysheep_mini_moat, nicolae_ashenzari_panopticon,
          uniq_edmund, uniq_pikel
D:6:      nicolae_overflow_hidden_temple, basic_altar
